 Dungeon Sprint DCSS version 0.24-a0-581-gc0fa660 (webtiles) character file.

Game seed: 17079011508802562196

141 Faca the Cleaver (level 5, -9/43 HPs)
             Began as a Formicid Fighter on Aug 22, 2019.
             Was a Follower of Makhleb.
             Mangled by a lorocyproca (29 damage)
             ... in the Dungeon (Sprint V: "Ziggurat Sprint").
             The game lasted 00:01:31 (104 turns).

Faca the Cleaver (Formicid Fighter)                  Turns: 104, Time: 00:01:31

Health: -9/43      AC: 16    Str: 33    XL:     5   Next: 48%
Magic:  0/5        EV:  7    Int:  8    God:    Makhleb [*.....]
Gold:   0          SH: 13    Dex: 10    Spells: 4/4 levels left

rFire    . . .     SeeInvis +   G - +5 broad axe
rCold    . . .     Gourm    .   J - +3 shield
rNeg     . . .     Faith    .   L - +5 storm dragon scales
rPois    .         Spirit   .   (helmet unavailable)
rElec    +         Reflect  .   (no cloak)
rCorr    .         Harm     .   (no gloves)
MR       .....                  (no boots)
Stlth    ..........             (no amulet)
HPRegen  0.14/turn              A - +6 ring of strength
MPRegen  0.09/turn              B - +6 ring of strength

@: no status effects
A: permanent stasis, dig shafts and tunnels, four strong arms, antennae 3
a: Dig, Renounce Religion


You were in the Dungeon.
You worshipped Makhleb.
Makhleb was aware of your devotion.
You were not hungry.

You visited 1 branch

Inventory:

Hand Weapons
 F - a +5 battleaxe
 G - a +5 broad axe (weapon)
 H - a +5 executioner's axe
Armour
 I - a +3 large shield
 J - a +3 shield (worn)
 K - +5 gold dragon scales
 L - +5 storm dragon scales (worn)
Jewellery
 v - an uncursed ring of flight
 w - a +6 ring of dexterity
 x - a +6 ring of dexterity
 y - a +6 ring of intelligence
 z - a +6 ring of intelligence
 A - a +6 ring of strength (left hand)
 B - a +6 ring of strength (right hand)
Wands
 C - a wand of disintegration (7)
 D - a wand of iceblast (7)
 E - a wand of acid (7)
Scrolls
 k - 4 scrolls of blinking
 o - 4 scrolls of amnesia
 q - 7 scrolls of fog
 r - a scroll of holy word
 s - 5 scrolls of identify
 t - 5 scrolls of remove curse
 u - 2 scrolls of fear
Potions
 d - 6 potions of might
 e - 10 potions of curing
 g - 10 potions of heal wounds
 h - 6 potions of haste
 i - 7 potions of magic
 j - 3 potions of berserk rage
 l - 2 potions of brilliance
 m - 2 potions of invisibility
 n - 4 potions of resistance
 p - 5 potions of agility
Comestibles
 f - 7 rations


   Skills:
 + Level 4.9 Fighting
 + Level 10.9 Axes
 - Level 3.2 Armour
 - Level 3.6 Shields


You had 4 spell levels left.
You didn't know any spells.
Your spell library contained the following spells:

 Spells                   Type           Power        Failure   Level  Hunger
 Ice Form                 Ice/Tmut       #.......     100%        4    #####..
 Metabolic Englaciation   Hex/Ice        #.........   100%        5    ######.
 Bolt of Cold             Conj/Ice       #.........   100%        6    #######
 Freezing Cloud           Conj/Ice/Air   #.........   100%        6    #######
 Ozocubu's Refrigeration  Ice            #.........   100%        6    #######
 Simulacrum               Ice/Necr       #.........   100%        6    #######


Dungeon Overview and Level Annotations

Branches:
Dungeon (1/1)

Altars:
Ashenzari
Cheibriados
Dithmenos
Elyvilon
Fedhas
Gozag
Hepliaklqana
Kikubaaqudgha
Makhleb
Nemelex Xobeh
Okawaru
Qazlal
Ru
Sif Muna
Trog
Uskayaw
Vehumet
Wu Jian
Xom
Yredelemnul
Zin
The Shining One
Beogh
Jiyva
Lugonu

Annotations:
D 1 transporter


Innate Abilities, Weirdness & Mutations

You cannot be hasted, slowed, berserked, paralysed or teleported.
You can dig through walls and to a lower floor.
Your four strong arms can wield two-handed weapons with a shield.
You have a pair of large antennae on your head. (SInv)


Message History

There is a transporter here.
Welcome to arena 3.
You enter the transporter and appear at another place.
A quasit, a shadow imp, a lorocyproca and a small abomination come into view.
The quasit gives a chilling moan.
The lorocyproca gives a chilling moan.
The shadow imp shouts, "Remove thy stench, thou fawning nut-hook baggage!"
Found four items.
Found a transporter.
You slice the lorocyproca!!
The lorocyproca is heavily wounded.
You block the quasit's attack. The quasit closely misses you.
The quasit claws you but does no damage.
The lorocyproca hits you!!
Ouch! That really hurt!
You feel your power leaking away.
You closely miss the lorocyproca.
The lorocyproca is moderately wounded.
You closely miss the quasit. The quasit barely misses you. x2
You block the quasit's attack. The lorocyproca hits you!!
Ouch! That really hurt!
You die...

▓▓▓▓▓▓▓▓▓▓▓▓▓▓▓▓▓▓▓
▓.8©8.▓.8©8.▓.8©8.▓
▓.|[).▓.[...▓.....▓
▓..:..▓.....▓.).).▓
▓....5▓.|...▓.....▓
▓..x52▓.....▓.....▓
▓....@▓.....▓..©..▓
▓..©..▓..©..▓▓▓▓▓▓▓
▓▓▓▓▓▓▓▓▓▓▓▓▓ {{{
{{{ { { {


You could see a lorocyproca (invisible), a small abomination, a quasit and a
shadow imp.

Vanquished Creatures
  A necrophage (D)
  An iron imp (D)
  2 shadow imps (D)
  An adder zombie (D)
5 creatures vanquished.

Vanquished Creatures (others)
  2 spatial maelstroms (D)
2 creatures vanquished.

Grand Total: 7 creatures vanquished

Notes
Turn   | Place    | Note
-------+----------+-------------------------------------------
     0 | D        | Faca the Formicid Fighter began the quest for the Orb.
     0 | D        | Reached XP level 1. HP: 18/18 MP: 1/1
     0 | D        | Found a shimmering blue altar of Sif Muna.
     0 | D        | Found a sacrificial altar of Ru.
     0 | D        | Found a bloodstained altar of Trog.
     0 | D        | Found a stormy altar of Qazlal.
     0 | D        | Found an iron altar of Okawaru.
     0 | D        | Found a sparkling altar of Nemelex Xobeh.
     0 | D        | Found a blossoming altar of Fedhas.
     0 | D        | Banished a spatial maelstrom
     1 | D        | Found the +6 Majin-Bo {vamp, Archmagi MP+6 Int+6}
     1 | D        | Found the +7 great mace "Firestarter" {inner flame, rF++}
     2 | D        | Reached skill level 7 in Axes
     2 | D        | Reached XP level 2. HP: 24/24 MP: 2/2
     3 | D        | Found a transporter.
     3 | D        | Found an ancient bone altar of Kikubaaqudgha.
     3 | D        | Found a viscous altar of Jiyva.
     3 | D        | Found a corrupted altar of Lugonu.
     3 | D        | Found a hazy altar of Hepliaklqana.
     3 | D        | Found a burning altar of Makhleb.
     3 | D        | Found an opulent altar of Gozag.
     4 | D        | Banished a spatial maelstrom
    60 | D        | Found the +6 shillelagh "Devastator" {shatter}
    60 | D        | Found the +11 plutonium sword {*Contam Stlth-}
    60 | D        | Found the +8 lance "Wyrmbane" {slay drac, rPois rF+ rC+
                  | AC+3}
    60 | D        | Found the +9 sword of Zonguldrok {reap}
    60 | D        | Found the cursed +13 scythe of Curses {drain, *Curse}
    60 | D        | Found the +0 sword of Power
    60 | D        | Found the +7 mace of Variability {chain chaos}
    60 | D        | Found the +7 Singing Sword {slice, sonic wave}
    60 | D        | Found the +8 storm bow {elec, penet}
    62 | D        | Became a worshipper of Makhleb the Destroyer
    66 | D        | Found the +9 heavy crossbow "Sniper" {velocity, Acc+∞ SInv}
    66 | D        | Found the +10 dark maul {crush}
    66 | D        | Found the +15 Maxwell's patent armour {-Cast -Tele rElec
                  | MR+ rCorr}
    66 | D        | Found the +18 shield of the Gong {rElec rN+ MR+ EV-5}
    66 | D        | Found the cursed +14 obsidian axe {chop, +Fly SInv *Curse}
    69 | D        | Entered arena 2.
    69 | D        | Noticed a necrophage
    69 | D        | Found a transporter.
    74 | D        | Killed a necrophage
    74 | D        | Reached skill level 10 in Axes
    74 | D        | Reached XP level 3. HP: 29/29 MP: 3/3
    74 | D        | Reached XP level 4. HP: 35/35 MP: 4/4
    78 | D        | Reached XP level 5. HP: 41/41 MP: 5/5
    85 | D        | Entered arena 3.
    85 | D        | Found a transporter.
    89 | D        | Reached * piety under Makhleb
   100 | D        | Entered arena 4.
   100 | D        | Noticed a small abomination
   100 | D        | Noticed a lorocyproca
   100 | D        | Found a transporter.
   104 | D        | Mangled by a lorocyproca

Levels and vault maps discovered:
D:        sprint_v [room_start, room_1, room_2, room_3, room_4, room_5, room_6,
          room_7, room_8, room_9, room_10, room_11, room_12, room_13, room_14,
          room_15, room_16, room_17, room_18, room_19, room_20, room_21,
          room_22, room_23, room_24, room_25, room_26, room_27]

Skill      XL: |  1  2  3  4  5 |
---------------+----------------+-----
Axes           | 7 10 | 10.9
Fighting       | 4 |  4.9
Armour         | |  3.2
Shields        | |  3.6

Action                   |  1- 3 |  4- 6 || total
-------------------------+-------+-------++-------
Melee: Broad axe         |     4 |    13 ||    17
  Use: Potion            |     1 |       ||     1
Armor: Storm dragon scal |     3 |     5 ||     8
Dodge: Dodged            |     2 |     4 ||     6
Block: Shield            |     3 |     8 ||    11

Table legend:
 A = Non-vault XP
 B = Vault XP
 C = Vault XP percentage of total XP
 D = Non-vault monster count
 E = Vault monster count
 F = Vault count percentage of total count
                 A         B        C        D         E       F
            +---------+---------+-------+---------+---------+-------
      Total |       0 |     193 | 100.0 |       0 |       5 | 100.0
            +---------+---------+-------+---------+---------+-------
          D |       0 |     193 | 100.0 |       0 |       5 | 100.0
            +---------+---------+-------+---------+---------+-------
